AoeStats
← GL

Arena

510154962Analyzed
1v1 RM · 1d ago on Sep 29, 2026· 34m 20s· 2 players
Game mode
Random Map
Map size
Tiny (2 player)
Population
200
Speed
Normal
Resources
Standard
Victory
Conquest
Starting age
Dark Age
Ending age
Imperial Age
RankedLock teamsTeams togetherTeam positionsShared explorationLock speedFull tech treeHidden civsTurbo modeCheats
Victory
Defeat
🇦🇺 Slavs · Australia
661
+17
🇦🇷 Britons · Argentina
678
-17
MULIAC
10:18 Feudal Age
10:48 Double-Bit Axe
11:15 Loom
13:35 Man-at-Arms
20:19 Castle Age
21:47 Stone Mining
21:49 Gold Mining
24:59 Horse Collar
25:49 Bow Saw
26:01 Elite Skirmisher
30:55 Padded Archer Armor
30:45 Fletching
30:56 Scale Mail Armor
31:06 Forging
34:02 Detinets
34:05 Pikeman
34:46 Squires
34:50 Husbandry
GL
9:53 Feudal Age
10:19 Double-Bit Axe
16:02 Castle Age
14:05 Horse Collar
18:39 Bow Saw
20:30 Heavy Plow
25:18 Loom
28:12 Imperial Age
25:40 Crossbowman
28:34 Fletching
30:09 Chemistry
29:33 Conscription
31:14 Two-Man Saw
31:36 Arbalester
33:41 Padded Archer Armor
33:37 Bodkin Arrow
Connection lost

Rejoining the realm…

Still unreachable

The connection could not be restored.

Session expired

The server has moved on; the page needs a fresh start.